Map: Orbital Shipyard

Players

VeRsuS - Winner!

  • Race: Zerg Zerg
  • League: Bronze

Toons

  • Race: Protoss Protoss
  • League: Silver

VOD

Have the link to the VOD?

Description

Time

  • Played on: Aug. 1, 2015, 6:36 a.m.
  • Length: 3:53
Show
View Real Time Build Order
Export as new Build Order

VeRsuS Zerg - Winner!

Build Orders: Pool First 

Get SALT Encoding   

  12  0:14  Extractor  
  12  0:16  Drone  
  12  0:27  Spawning Pool  
  11  0:29  Drone  
  11  0:35  Drone  
  13  0:43  Drone  
  13  0:48  Overlord  
  14  1:08  Drone  
  15  1:14  Queen  
  15  1:16  Drone  
  15  1:18  Zergling x2  
  19  1:32  Metabolic Boost  
  19  1:37  Zergling x4  
  21  2:02  Zergling x2  
  21  2:05  Overlord  
  22  2:14  Baneling Nest  
  21  2:30  Zergling x10  
  21  2:31  Zergling x2  
  24  3:08  Zergling x6  
  27  3:18  Baneling x3  
  27  3:19  Baneling x2  
  27  3:23  Zergling x2  
  28  3:31  Overlord  
  28  3:43  Hatchery  
Show
View Real Time Build Order
Export as new Build Order

Toons Protoss 

Build Orders:  

Get SALT Encoding   

  12  0:01  Probe  
  13  0:13  Probe  
  14  0:22  Pylon  
  14  0:26  Assimilator  
  14  0:40  Probe (Chrono Boost)  
  15  0:47  Gateway  
  16  0:50  Probe (Chrono Boost)  
  16  0:58  Probe  
  17  1:09  Pylon  
  17  1:10  Probe (Chrono Boost)  
  18  1:20  Probe (Chrono Boost)  
  18  1:23  Assimilator  
  19  1:27  Probe  
  20  1:40  Cybernetics Core  
  20  1:42  Zealot  
  22  1:47  Probe (Chrono Boost)  
  23  1:59  Probe (Chrono Boost)  
  23  2:07  Probe (Chrono Boost)  
  24  2:17  Warp Gate (Chrono Boost)  
  24  2:18  Probe  
  24  2:22  Adept  
  27  2:30  Probe  
  28  2:38  Nexus  
  28  2:42  Pylon  
  27  3:06  Adept  
  27  3:10  Mothership Core  
  31  3:17  Gateway  
  31  3:20  Stargate  
  31  3:31  Probe  
Tags
 
Add a new tag
Caveats
  • Supply blocks, unpowered buildings, or Contaminate may cause inaccurate times.
  • Supply counts are checked every 10 seconds.